 Dungeon Crawl Stone Soup version 0.27-a0-819-g058290f16d (webtiles) character file.

Game seed: 385370226105415581

7374 robertstho the Thaumaturge (level 11, -6/76 HPs)
             Began as a Djinni Ice Elementalist on Mar 29, 2021.
             Was an Initiate of Gozag.
             Mangled by an eight-headed hydra (13 damage)
             ... on level 1 of the Lair of Beasts.
             The game lasted 00:18:51 (16011 turns).

robertstho the Thaumaturge (DjIE)                  Turns: 16011, Time: 00:18:52

Health: -6/76      AC:  4    Str:  7    XL:     11   Next: 14%
Gold:   484        EV: 13    Int: 20    God:    Gozag SH:  5 Dex: 14

rFire    + + .     SeeInvis .   A - +2 trident (venom)
rCold    x . .     Faith    .   (no shield)
rNeg     . . .     Spirit   .   a - +0 robe
rPois    ∞         Reflect  +   (no helmet)
rElec    .         Harm     .   g - +0 cloak
rCorr    .         Rampage  .   l - +0 pair of gloves
Will     +....                  (boots unavailable)
Stlth    +++.......             x - amulet of reflection
HPRegen  0.22/turn              (no ring)
MPRegen  0.00/turn              (no ring)

@: flying
A: fire resistance 2, cold vulnerability 1, float, innate caster, hp casting,
extra vitality 1
a: Renounce Religion, Potion Petition, Call Merchant, Bribe Branch


You were on level 1 of the Lair of Beasts.
You worshipped Gozag.
Gozag was aware of your devotion.
You visited 3 branches of the dungeon, and saw 11 of its levels.

You collected 641 gold pieces.
You paid 157 gold pieces to Gozag.

Inventory:

Hand Weapons
 b - a +1 rapier
 c - a +1 scythe of venom
 A - a +2 trident of venom (weapon)
Armour
 a - a +0 robe (worn)
 g - a +0 cloak (worn)
 l - a +0 pair of gloves (worn)
 D - +0 acid dragon scales
Jewellery
 x - an amulet of reflection (around neck)
Wands
 i - a wand of polymorph (21)
 r - a wand of flame (20)
 t - a wand of mindburst (21)
Scrolls
 e - 3 scrolls of immolation
 j - 3 scrolls of teleportation
 k - a scroll of vulnerability {unknown}
 m - 5 scrolls of enchant armour {unknown}
 n - 2 scrolls of fog {unknown}
 o - a scroll of enchant weapon
 p - a scroll of fear
 q - a scroll of blinking {unknown}
 s - a scroll of magic mapping {unknown}
 w - 2 scrolls of amnesia {unknown}
 y - a scroll of acquirement {unknown}
 B - a scroll of silence {unknown}
Potions
 d - 2 potions of invisibility
 f - 6 potions of curing
 u - a potion of ambrosia
 z - a potion of might
 C - 2 potions of mutation {unknown}


   Skills:
 * Level 6.0 Fighting
 + Level 1.7 Short Blades
 + Level 2.8 Polearms
 + Level 3.9 Dodging
 + Level 4.1 Stealth
 * Level 12.2 Spellcasting
 + Level 0.2 Evocations


You had 7 spell levels left.
You knew the following spells:

 Your Spells              Type           Power      Damage    Failure   Level
a - Freeze                Ice            100%       1d11      1%          1
b - Frozen Ramparts       Ice            100%       1d12      1%          3
c - Ozocubu's Armour      Ice            57%        N/A       1%          3
d - Hailstorm             Conj/Ice       57%        3d12      1%          4
e - Summon Ice Beast      Ice/Summ       57%        N/A       1%          4
f - Sting                 Tmut/Pois      100%       1d8       1%          1
g - Call Imp              Summ           57%        N/A       1%          2
h - Searing Ray           Conj           100%       3d7       1%          2
i - Static Discharge      Conj/Air       57%        N/A       1%          3
j - Animate Dead          Necr           28%        N/A       1%          4
Your spell library was empty.

Dungeon Overview and Level Annotations

Branches:
Dungeon (9/15)             Temple (1/1) D:5            Lair (1/6) D:8
    Orc: D:9-12

Altars:
Ashenzari
Cheibriados
Dithmenos
Elyvilon
Fedhas
Gozag
Hepliaklqana
Kikubaaqudgha
Makhleb
Nemelex Xobeh
Okawaru
Qazlal
Ru
Sif Muna
Trog
Uskayaw
Vehumet
Wu Jian
Xom
Yredelemnul
Zin
The Shining One


Innate Abilities, Weirdness & Mutations

You are immune to poison.
Your flesh is very heat resistant. (rF++)
You are vulnerable to cold. (rC-)
You float through the air rather than walking.
You learn spells naturally, not from books.
Your magical power is your life essence.
You have superior vitality. (+4 HP)


Message History

The eight-headed hydra bites your ice beast!
The eight-headed hydra bites your ice beast.
The eight-headed hydra bites your ice beast!
The eight-headed hydra barely misses your ice beast.
The eight-headed hydra bites your ice beast!
Your ice beast dies!
The eight-headed hydra bites your ice beast.
Your ice beast barely misses the eight-headed hydra.
Casting: Summon Ice Beast (safe; 1% risk of failure)
Confirm with . or Enter, or press ? or * to list all spells.
Casting: Hailstorm (safe; 1% risk of failure)
Press: ? - help, Dir - look around, f - activate A cannonade of hail descends around you!
The hail pelts the eight-headed hydra!
The eight-headed hydra is heavily wounded.
Your ice beast is unaffected.
The eight-headed hydra is no longer moving slowly.
The eight-headed hydra completely misses you.
The eight-headed hydra barely misses you. x2
The eight-headed hydra bites you. The eight-headed hydra bites you!
The eight-headed hydra closely misses you.
You block the eight-headed hydra's attack.
The eight-headed hydra bites you!
Your ice beast barely misses the eight-headed hydra.
Casting: Hailstorm (safe; 1% risk of failure)
Confirm with . or Enter, or press ? or * to list all spells.
Okay, then.
As you read the scroll of fear, it crumbles to dust.
You assume a fearsome visage.
The eight-headed hydra resists with almost no effort.
The eight-headed hydra bites you!
You block the eight-headed hydra's attack.
The eight-headed hydra barely misses you.
The eight-headed hydra completely misses you.
The eight-headed hydra closely misses you.
The eight-headed hydra bites you! x2
* * * LOW HITPOINT WARNING * * *
The eight-headed hydra bites you!
You die...
Your body crumbles into a pile of gold.

#.....##.....#..#
#.....##.....#..#
..........##..
#.....##.#
#.....##.#
#.....##.#
###.Y###.##
...####D##P..# +#
.......@....## ..
............# ..
............# ..
............# ##
.#.#.#.P##..#
+........#.#
.........#.# ..
#........#.# ..
.......'.##


You could see an eight-headed hydra (ally target) and a friendly ice beast
(summoned).

Vanquished Creatures
  A two-headed ogre (D:8)
  Pikel (D:7)
  4 cane toads (Lair:1)
  Sigmund (D:3)
  A wyvern (D:4)
  2 yaks (Lair:1)
  Duvessa (D:5)
  2 water moccasins
  An orc warrior (D:9)
  A sky beast (D:7)
  A black bear (D:5)
  3 centaurs
  A bullfrog (D:7)
  4 gnoll sergeants
  A wyvern skeleton (D:5)
  2 scorpions
  14 killer bees
  2 howler monkeys
  4 hounds
  Crazy Yiuf (D:5)
  2 orc priests
  An iron imp (D:9)
  2 gnoll shamans (D:8)
  An iguana (D:6)
  4 orc wizards
  A killer bee zombie (D:7)
  A howler monkey skeleton (D:4)
  5 adders
  21 gnolls
  A worm (D:3)
  2 dart slugs
  20 orcs
  7 endoplasms
  2 giant cockroaches (D:1)
  10 hobgoblins
  6 jackals
  4 ball pythons
  3 bats
  3 frilled lizards (D:1)
  4 kobolds
  2 rats (D:1)
150 creatures vanquished.

Vanquished Creatures (collateral kills)
  A two-headed ogre (D:9)
  A black mamba (Lair:1)
  3 cane toads (Lair:1)
  A yak (D:9)
  A water moccasin (D:8)
  An acid dragon (D:9)
  4 orc warriors
  2 ice beasts
  A necrophage (D:8)
  2 lemures (D:7)
  A gnoll sergeant (D:8)
  2 bullfrogs
  Dowan (D:5)
  3 killer bees (D:9)
  2 howler monkeys (D:8)
  An electric eel (D:8)
  4 jellies
  2 orc priests
  2 gnoll shamans (D:8)
  A bullfrog skeleton (D:6)
  2 centaur skeletons (D:4)
  Ijyb (D:5)
  2 iguanas
  An orc wizard (D:8)
  2 nameless horrors (D:6)
  A howler monkey skeleton (D:6)
  11 gnolls
  2 adders
  A shadow imp (D:6)
  A white imp (D:7)
  A worm (D:4)
  A dart slug (D:3)
  7 orcs
  A hobgoblin (D:4)
  2 jackals (D:8)
  A quokka (D:5)
73 creatures vanquished.

Vanquished Creatures (others)
  2 fungi
  4 plants
6 creatures vanquished.

Grand Total: 229 creatures vanquished

Notes
Turn   | Place    | Note
-------+----------+-------------------------------------------
     0 | D:1      | robertstho the Djinni Ice Elementalist began the quest for
                  | the Orb.
     0 | D:1      | Reached XP level 1. HP: 15/15 MP: 0/0
   435 | D:1      | Reached XP level 2. HP: 19/21 MP: 0/0
   514 | D:1      | Reached skill level 4 in Spellcasting
  1074 | D:1      | Reached XP level 3. HP: 15/25 MP: 0/0
  1074 | D:1      | Learned a level 1 spell: Sting
  2537 | D:3      | Found a stormy altar of Qazlal.
  2540 | D:3      | Found a blossoming altar of Fedhas.
  2607 | D:3      | Noticed Sigmund
  2622 | D:3      | Killed Sigmund
  2623 | D:3      | Reached skill level 1 in Fighting
  2623 | D:3      | Reached skill level 1 in Short Blades
  2623 | D:3      | Reached skill level 5 in Spellcasting
  2623 | D:3      | Reached XP level 4. HP: 11/32 MP: 0/0
  2623 | D:3      | Reached XP level 5. HP: 13/37 MP: 0/0
  2623 | D:3      | Learned a level 2 spell: Call Imp
  3000 | D:3      | Reached XP level 6. HP: 39/42 MP: 0/0
  3315 | D:3      | Found an ornate altar of the Wu Jian Council.
  3839 | D:4      | Noticed a wyvern
  3865 | D:4      | Killed a wyvern
  4165 | D:4      | Reached XP level 7. HP: 16/49 MP: 0/0
  4165 | D:4      | Learned a level 2 spell: Searing Ray
  4170 | D:4      | Reached skill level 1 in Polearms
  4558 | D:4      | Found a shadowy altar of Dithmenos.
  4854 | D:5      | Entered Level 5 of the Dungeon
  4854 | D:5      | Noticed Dowan
  4860 | D:5      | Noticed Duvessa
  4861 | D:5      | Reached skill level 6 in Spellcasting
  4870 | D:5      | Killed Duvessa
  4874 | D:5      | Killed Dowan
  5120 | D:5      | Found a staircase to the Ecumenical Temple.
  5382 | Temple   | Entered the Ecumenical Temple
  5691 | D:5      | Found an opulent altar of Gozag.
  5713 | D:5      | Noticed Ijyb
  5725 | D:5      | Killed Ijyb
  5936 | D:5      | Reached XP level 8. HP: 48/55 MP: 0/0
  6082 | D:5      | Reached skill level 7 in Spellcasting
  6394 | D:5      | Found a runed translucent door.
  6395 | D:5      | Noticed Crazy Yiuf
  6404 | D:5      | Killed Crazy Yiuf
  6518 | D:6      | Found a sparkling altar of Nemelex Xobeh.
  7863 | D:6      | Reached skill level 8 in Spellcasting
  8596 | D:7      | Reached XP level 9. HP: 35/61 MP: 0/0
  8596 | D:7      | Learned a level 3 spell: Static Discharge
  9122 | D:7      | Noticed Pikel
  9125 | D:7      | Killed Pikel
  9126 | D:7      | Reached skill level 9 in Spellcasting
  9318 | D:7      | Found a bloodstained altar of Trog.
 10155 | D:7      | Found a broken altar of Ashenzari.
 11474 | D:8      | Found a staircase to the Lair.
 11821 | D:8      | Found a stormy altar of Qazlal.
 11883 | D:8      | Found a hazy altar of Hepliaklqana.
 11884 | D:8      | Found a shimmering altar of Xom.
 11885 | D:8      | Noticed a spectral ugly thing
 12386 | D:8      | Noticed a two-headed ogre
 12398 | D:8      | Killed a two-headed ogre
 12399 | D:8      | Reached skill level 10 in Spellcasting
 12399 | D:8      | Reached XP level 10. HP: 37/69 MP: 0/0
 13581 | D:9      | Found a glowing golden altar of the Shining One.
 13727 | D:9      | Noticed a two-headed ogre
 13733 | D:9      | Killed a two-headed ogre
 13734 | D:9      | Reached skill level 5 in Fighting
 13846 | D:9      | Reached skill level 11 in Spellcasting
 14562 | D:9      | Found a snail-covered altar of Cheibriados.
 14881 | D:5      | Became a worshipper of Gozag Ym Sagoz the Greedy
 15421 | Lair:1   | Entered Level 1 of the Lair of Beasts
 15456 | Lair:1   | Noticed a cane toad
 15462 | Lair:1   | Noticed a cane toad
 15463 | Lair:1   | Killed a cane toad
 15471 | Lair:1   | Killed a cane toad
 15529 | Lair:1   | Noticed a black mamba
 15535 | Lair:1   | Killed a black mamba
 15623 | Lair:1   | Noticed a cane toad
 15630 | Lair:1   | Noticed a cane toad
 15631 | Lair:1   | Noticed a cane toad
 15634 | Lair:1   | Killed a cane toad
 15638 | Lair:1   | Noticed a cane toad
 15640 | Lair:1   | Killed a cane toad
 15642 | Lair:1   | Noticed a cane toad
 15645 | Lair:1   | Killed a cane toad
 15646 | Lair:1   | Reached XP level 11. HP: 17/76 MP: 0/0
 15646 | Lair:1   | Learned a level 4 spell: Animate Dead
 15647 | Lair:1   | Reached skill level 12 in Spellcasting
 16001 | Lair:1   | Noticed an eight-headed hydra
 16011 | Lair:1   | Mangled by an eight-headed hydra

Illustrated notes

Levels and vault maps discovered:
D:1:      evilmike_arrival_rings, layout_rooms, serial_forest,
          infiniplex_forest_clump_tiny, infiniplex_forest_clump_diagonal,
          infiniplex_forest_clump_small, infiniplex_forest_lined_ring,
          infiniplex_forest_diagonal, infiniplex_forest_straight_3
D:2:      layout_basic
D:3:      layout_loops_ring, grunt_temple_overflow_forces_of_nature,
          lemuel_crystal_altar, uniq_sigmund
D:4:      layout_cave_pools, grunt_dithmenos_smoke_and_mirrors,
          nicolae_kikubaaqudgha_miasma_corner
D:5:      layout_rooms, general_overflow_altar, minmay_temple_entry_large_hall,
          uniq_crazy_yiuf_cottage, uniq_ijyb, uniq_duvessa
D:6:      layout_loops_cross, basic_altar, minmay_liquid_box
D:7:      layout_basic, bloody_trog, nicolae_ashenzari_panopticon, uniq_pikel
D:8:      layout_cave_pools, regret_index_temple_of_mockery, old_standard_altar,
          dpeg_oklobed_lair, serial_gnoll_camp, gnoll_camp_medium_02,
          gnoll_camp_mini_basic, gnoll_camp_mini_hut, gnoll_camp_mini_house,
          gnoll_camp_medium_01, serial_bayou_lagoon_a,
          nicolae_qazlal_eye_of_the_storm
D:9:      layout_roguey, marbit_many_paths, slow_altar_2
Temple:   compressed_dpeg_triangle_lava_temple
Lair:1:   layout_regular_city, gammafunk_ghost_icy, beast_lair_carwin_4

Skill      XL: |  1  2  3  4  5  6  7  8  9 10 11 |
---------------+----------------------------------+-----
Spellcasting   | 4 5 6 8 10 11 12 | 12.2
Fighting       | 1 2 3 4 5 6 |  6.0
Short Blades   | 1 |  1.7
Stealth        | 2 3 4 |  4.1
Polearms       | 1 2 |  2.8
Dodging        | 3 |  3.9
Evocations     | |  0.2

Action                   |  1- 3 |  4- 6 |  7- 9 | 10-12 || total
-------------------------+-------+-------+-------+-------++-------
Melee: Unarmed           |    15 |       |       |       ||    15
       Rapier            |    20 |       |       |       ||    20
       Scythe            |       |    23 |    56 |     4 ||    83
       Trident           |       |       |       |    15 ||    15
 Cast: Freeze            |    49 |       |     3 |       ||    52
       Frozen Ramparts   |     2 |     6 |     8 |     7 ||    23
       Ozocubu's Armour  |     1 |       |     4 |     1 ||     6
       Summon Ice Beast  |       |     7 |    87 |    47 ||   141
       Hailstorm         |       |     3 |    59 |    29 ||    91
       Searing Ray       |       |       |     1 |       ||     1
Evoke: Wand              |       |       |       |     2 ||     2
  Use: Scroll            |     5 |       |     3 |     4 ||    12
       Potion            |     3 |       |     3 |     1 ||     7
 Stab: Sleeping          |     2 |     1 |     3 |       ||     6
Armor: Robe              |    12 |     4 |    25 |     3 ||    44
Dodge: Dodged            |    51 |    16 |    53 |    22 ||   142
Block: Other             |       |       |       |     6 ||     6
       Reflection        |       |       |       |     1 ||     1

Table legend: (Time is in decaauts)
 A = Elapsed time spent in this place.
 B = Non-inter-level travel time spent in this place.
 C = Inter-level travel time spent in this place.
 D = Time resting spent in this place.
 E = Time spent auto-exploring this place.
 F = Levels seen in this place.
 G = Mean time per level.
                   A        B        C        D        E       F      G
               +--------+--------+--------+--------+--------+-----+--------+
         Total |  16100 |  15564 |    536 |   1747 |  12334 |  11 | 1463.6 |
       Dungeon |  15221 |  14718 |    503 |   1747 |  11555 |   9 | 1691.2 |
        Temple |    288 |    257 |     31 |      0 |    257 |   1 |  288.0 |
          Lair |    590 |    590 |      0 |      0 |    522 |   1 |  590.0 |
               +--------+--------+--------+--------+--------+-----+--------+

Top non-repeatable levels by time:
     D:8: 2757 daAuts
     D:7: 2339 daAuts
     D:6: 2133 daAuts
     D:9: 1673 daAuts
     D:5: 1430 daAuts
     D:1: 1380 daAuts
     D:3: 1225 daAuts
     D:4: 1181 daAuts
     D:2: 1101 daAuts
  Lair:1: 590 daAuts
  Temple: 288 daAuts
